[Event "Titled Tuesday Blitz July 25 Late 2023"]
[White "Elsa167"]
[Black "Bettalli, Francesco"]
[BlackFideId "2816453"]
[WhiteElo "2773"]
[BlackElo "2418"]
[Result "1/2-1/2"]
[Round "1"]
[TimeControl "180+2"]
[Date "2023.07.25"]
[WhiteClock "0:00:04"]
[BlackClock "0:00:10"]
[Board "72"]

1. d4 Nf6 2. c4 c5 3. d5 a6 4. a4 d6 5. Nc3 g6 6. g3 Bg7 7. Bg2 e6 8. Nf3 O-O 9. O-O exd5 10. cxd5 Re8 11. Nd2 Nbd7 12. h3 Rb8 13. a5 b5 14. axb6 Qxb6 15. Nc4 Qb7 16. Nxd6 Qc7 17. Nxe8 Nxe8 18. Bf4 Be5 19. Bxe5 Nxe5 20. Qc2 Nd6 21. e4 c4 22. Ne2 Nd3 23. Rab1 Nb4 24. Qc3 Na2 25. Qe3 Nb4 26. e5 Nf5 27. Qf4 Nd3 28. Qg5 Qxe5 29. Nf4 Nxf4 30. Qxf4 Qxf4 31. gxf4 Nd4 32. Rfd1 Ne2+ 33. Kf1 Nxf4 34. d6 Bf5 35. Ra1 Bd3+ 36. Kg1 Rb6 37. d7 Rd6 38. Bc6 Ne2+ 39. Kh2 Nd4 40. Ba4 Nf3+ 41. Kg3 Ne5 42. Re1 Nxd7 43. Bxd7 Rxd7 44. Rxa6 Rb7 45. Ra2 Bf5 46. Re3 Kg7 47. Rc3 Be6 48. h4 h6 49. f3 Kf6 50. Kf2 Ke5 51. Ke3 g5 52. hxg5 hxg5 53. Ra5+ Kf6 54. Ra2 Ke5 55. Kd2 Kf4 56. Kc2 Rb8 57. Ra5 Rh8 58. Ra4 Rh2+ 59. Kb1 Rh1+ 60. Ka2 Rf1 61. Raa3 Rf2 62. Re3 c3+ 63. Rxe6 fxe6 64. Rxc3 Rxf3 65. Rc4+ Kf5 66. b4 g4 67. b5 Rh3 68. b6 Rh8 69. b7 Rb8 70. Rc7 g3 71. Rg7 Kf4 72. Kb3 Kf3 73. Kc4 g2 74. Rf7+ Ke2 75. Rg7 Kf1 76. Rf7+ Kg1 77. Kc5 e5 78. Kd5 Re8 79. Ke4 Kh2 80. Rh7+ Kg3 81. Rg7+ Kf2 82. Rf7+ Ke2 83. Rg7 Kf2 84. Rf7+ Ke1 85. Rg7 Kf2 1/2-1/2


[Site "https://www.chess.com"]

[Event "Titled Tuesday Blitz July 25 Late 2023"]
[White "Uzcategui Rodriguez, Alejandro"]
[Black "Wu, Derek"]
[WhiteFideId "3903400"]
[BlackFideId "30914558"]
[WhiteElo "2416"]
[BlackElo "2770"]
[Result "0-1"]
[Round "1"]
[TimeControl "180+2"]
[Date "2023.07.25"]
[WhiteClock "0:00:00"]
[BlackClock "0:00:06"]
[Board "73"]

1. Nf3 d5 2. g3 Nf6 3. c4 e6 4. Bg2 Be7 5. O-O O-O 6. b3 d4 7. d3 Nc6 8. Na3 e5 9. Nc2 Re8 10. e3 dxe3 11. fxe3 Bg4 12. h3 Bh5 13. g4 Bg6 14. e4 Bc5+ 15. Kh1 Nd7 16. Qe2 Nf8 17. Bb2 Qd6 18. Rad1 Ne6 19. Bc1 Rad8 20. Ng5 Ned4 21. Nxd4 Nxd4 22. Qe1 h6 23. Nf3 Ne6 24. Nh4 Qe7 25. Nf3 Bd4 26. Qg3 Nc5 27. Ba3 Nxe4 28. dxe4 Qxa3 29. Nxd4 exd4 30. Qxc7 Qxa2 31. Qxb7 d3 32. Ra1 Qc2 33. Rac1 Qb2 34. Rb1 Qd4 35. Rbd1 d2 36. Qb4 Bxe4 37. Rg1 Qd3 38. Kh2 Bxg2 39. Rxg2 Re2 40. Qb7 Rde8 0-1


[Site "https://www.chess.com"]

[Event "Titled Tuesday Blitz July 25 Late 2023"]
[White "Nenezic, Marko"]
[Black "Willy, Stephen"]
[WhiteFideId "912123"]
[BlackFideId "30981468"]
[WhiteElo "2769"]
[BlackElo "2416"]
[Result "1-0"]
[Round "1"]
[TimeControl "180+2"]
[Date "2023.07.25"]
[WhiteClock "0:00:25"]
[BlackClock "0:00:14"]
[Board "74"]

1. d4 d5 2. c4 dxc4 3. e3 e5 4. Bxc4 exd4 5. exd4 Nf6 6. Nf3 Bd6 7. Qe2+ Qe7 8. Qxe7+ Bxe7 9. O-O O-O 10. Re1 Bd6 11. Nc3 Nc6 12. Nb5 Bb4 13. Rd1 Ba5 14. Bf4 Bg4 15. d5 Ne7 16. Bxc7 a6 17. Bxa5 axb5 18. Bb4 bxc4 19. Bxe7 Rfe8 20. d6 Nd7 21. Rd5 Be6 22. Rb5 b6 23. Nd4 Ra5 24. Rb4 Rb8 25. a3 Bd5 26. Rd1 Nc5 27. Rb5 Rxb5 28. Nxb5 Bc6 29. Nc3 Nd3 30. Rd2 b5 31. Na2 Bd7 32. f3 f6 33. Kf1 Kf7 34. Ke2 g5 35. Kd1 h5 36. Kc2 h4 37. Kc3 Kg6 38. Kd4 Nf4 39. Nc3 Ne6+ 40. Ke3 Nf4 41. Ne4 Bc6 42. Nxf6 h3 43. gxh3 Nxh3 44. d7 Nf4 45. Kf2 Rh8 46. d8=Q Rxd8 47. Bxd8 Kf5 48. Ng4 Nd3+ 49. Ke3 Bd7 50. Bb6 Kg6 51. Rxd3 Bxg4 52. fxg4 cxd3 53. Kxd3 Kf6 54. Be3 Ke6 55. Bxg5 Ke5 56. Bd2 Kd5 57. h4 Ke5 58. h5 Kf6 59. h6 Kg6 60. g5 Kh7 61. Kc3 Kg6 62. Kb4 Kh7 63. Kxb5 Kg6 64. Kc6 Kh7 65. Kd7 Kg6 66. Ke6 Kh7 67. Kf7 Kh8 68. a4 Kh7 69. g6+ Kh8 70. Bc3# 1-0


[Site "https://www.chess.com"]

[Event "Titled Tuesday Blitz July 25 Late 2023"]
[White "Jorajuria Mendoza, Algol"]
[Black "Schmakel, Sam"]
[WhiteFideId "5128897"]
[BlackFideId "2039311"]
[WhiteElo "2413"]
[BlackElo "2768"]
[Result "1-0"]
[Round "1"]
[TimeControl "180+2"]
[Date "2023.07.25"]
[WhiteClock "0:00:04"]
[BlackClock "0:00:02"]
[Board "75"]

1. e4 e5 2. Nf3 Nc6 3. Bb5 a6 4. Ba4 g6 5. O-O Bg7 6. c3 d6 7. d4 Bd7 8. Bg5 Nf6 9. Nbd2 h6 10. Be3 Ng4 11. Qe2 O-O 12. Bb3 Qe7 13. dxe5 dxe5 14. Rad1 b5 15. a4 Na5 16. Bd5 c6 17. Ba2 Nxe3 18. Qxe3 c5 19. axb5 axb5 20. Bd5 Bc6 21. Bxc6 Nxc6 22. Nb3 c4 23. Nc5 Rfd8 24. Rxd8+ Rxd8 25. Ra1 Bf8 26. b4 Qe8 27. Ne1 Ra8 28. Rd1 Nd8 29. f3 Ne6 30. Nxe6 Qxe6 31. Kf2 Be7 32. Rd5 Ra2+ 33. Kg1 Qa6 34. Rxe5 Bf6 35. Re8+ Kg7 36. e5 Bg5 37. Qd4 Rd2 38. Qc5 Be3+ 39. Qxe3 Rd1 40. Kf2 Qa2+ 41. Kg3 h5 42. e6 f5 43. Qe5+ Kh6 44. Qh8+ Kg5 45. h4# 1-0


[Site "https://www.chess.com"]

[Event "Titled Tuesday Blitz July 25 Late 2023"]
[White "Krishna C R G"]
[Black "Rios Escobar, Adan"]
[WhiteFideId "5018625"]
[BlackFideId "3403645"]
[WhiteElo "2767"]
[BlackElo "2412"]
[Result "1-0"]
[Round "1"]
[TimeControl "180+2"]
[Date "2023.07.25"]
[WhiteClock "0:01:40"]
[BlackClock "0:00:00"]
[Board "76"]

1. e4 c5 2. Nc3 d6 3. f4 Nc6 4. Nf3 g6 5. Bc4 Bg7 6. O-O e6 7. d3 Nge7 8. Qe1 O-O 9. f5 gxf5 10. Qh4 fxe4 11. Nxe4 Ng6 12. Qh5 Nd4 13. Nfg5 h6 14. Nf6+ Bxf6 15. Qxh6 Bxg5 16. Bxg5 Nf5 17. Rxf5 d5 18. Bf6 1-0


[Site "https://www.chess.com"]

[Event "Titled Tuesday Blitz July 25 Late 2023"]
[White "Dias, Paulo"]
[Black "Fantastic_Power"]
[WhiteFideId "1900803"]
[WhiteElo "2411"]
[BlackElo "2766"]
[Result "1-0"]
[Round "1"]
[TimeControl "180+2"]
[Date "2023.07.25"]
[WhiteClock "0:01:43"]
[BlackClock "0:01:11"]
[Board "77"]

1. Nf3 c5 2. c4 g6 3. g3 Bg7 4. Bg2 d6 5. O-O e5 6. Nc3 f5 7. Ne1 Nf6 8. Nc2 O-O 9. Ne3 f4 10. Ned5 g5 11. d3 Nc6 12. e3 Be6 13. Rb1 Qd7 14. a3 Bh3 15. Nxf6+ Rxf6 16. Ne4 Bxg2 17. Nxf6+ Bxf6 18. Kxg2 Qf5 19. e4 Qg6 20. g4 h5 21. gxh5 Qg7 22. Qg4 Rf8 23. b4 Nd4 24. Bb2 f3+ 25. Kh1 Bd8 26. Bxd4 cxd4 27. Rg1 Rf4 28. Qe6+ Kh7 29. Rg4 Rf6 30. Qc8 Rf8 31. Rbg1 Kh6 32. Qe6+ Rf6 33. Qd5 Kxh5 34. Rxg5+ Qxg5 35. Rxg5+ Kxg5 36. Qg8+ Rg6 37. Qxd8+ Kf4 38. Qf8+ Kg4 39. Qf5+ Kh4 1-0


[Site "https://www.chess.com"]

[Event "Titled Tuesday Blitz July 25 Late 2023"]
[White "Nazari, Arad"]
[Black "Necromon"]
[WhiteFideId "12577324"]
[WhiteElo "2764"]
[BlackElo "2410"]
[Result "0-1"]
[Round "1"]
[TimeControl "180+2"]
[Date "2023.07.25"]
[WhiteClock "0:00:47"]
[BlackClock "0:00:19"]
[Board "78"]

1. e4 c5 2. Nf3 Nc6 3. Bb5 g6 4. Bxc6 dxc6 5. d3 Bg7 6. h3 Nf6 7. Be3 b6 8. Nc3 O-O 9. Qd2 e5 10. Bh6 Qc7 11. O-O-O Be6 12. g4 Rad8 13. Bxg7 Kxg7 14. Qg5 Nd7 15. Rdg1 h6 16. Qe3 c4 17. d4 exd4 18. Nxd4 Nc5 19. f4 Rfe8 20. e5 Qd7 21. Rd1 Nd3+ 22. cxd3 Qxd4 23. Qg3 cxd3 24. f5 Bxa2 25. Nxa2 d2+ 26. Kb1 Rxe5 27. fxg6 fxg6 28. Rhf1 Qd3+ 29. Ka1 Qxg3 0-1


[Site "https://www.chess.com"]

[Event "Titled Tuesday Blitz July 25 Late 2023"]
[White "Rakitic2010"]
[Black "Pulpan, Jakub"]
[BlackFideId "302759"]
[WhiteElo "2409"]
[BlackElo "2764"]
[Result "0-1"]
[Round "1"]
[TimeControl "180+2"]
[Date "2023.07.25"]
[WhiteClock "0:02:22"]
[BlackClock "0:00:48"]
[Board "79"]

1. e4 c5 2. Nf3 e6 3. d4 cxd4 4. Nxd4 a6 5. Bd3 Bc5 6. Nb3 Be7 7. O-O d6 8. c4 Nf6 9. Nc3 O-O 10. Be3 Nbd7 11. f4 b6 12. g4 Bb7 13. g5 Ne8 14. Qh5 f5 15. Rf3 g6 16. Qh6 Rf7 17. Rh3 Nc5 18. Bd4 e5 19. fxe5 Bxg5 20. e6 Bxh6 21. exf7+ Kxf7 22. Rxh6 Qg5+ 23. Kh1 Qxh6 24. Rf1 Nf6 25. Nxc5 dxc5 26. Be3 Qxe3 0-1


[Site "https://www.chess.com"]

[Event "Titled Tuesday Blitz July 25 Late 2023"]
[White "Bolourchifard, Farzad"]
[Black "Ai, Evan"]
[WhiteFideId "12510084"]
[BlackFideId "2094770"]
[WhiteElo "2762"]
[BlackElo "2408"]
[Result "1-0"]
[Round "1"]
[TimeControl "180+2"]
[Date "2023.07.25"]
[WhiteClock "0:01:02"]
[BlackClock "0:00:29"]
[Board "80"]

1. d4 Nf6 2. Nf3 e6 3. c4 d5 4. Nc3 Bb4 5. Bg5 O-O 6. e3 h6 7. Bh4 b6 8. cxd5 exd5 9. Bd3 Bb7 10. O-O Re8 11. Ne5 Be7 12. f4 Ne4 13. Bxe7 Qxe7 14. Nxe4 dxe4 15. Bc4 Rf8 16. Ng6 Qd6 17. Nxf8 Qxf8 18. Qg4 c5 19. Rad1 cxd4 20. Rxd4 Kh8 21. Rfd1 Nc6 22. Rd6 Ne7 23. f5 Nc6 24. f6 g6 25. Qd7 Ne5 26. Qxb7 Nxc4 27. Qxa8 Qxa8 28. Rd8+ 1-0


[Site "https://www.chess.com"]

[Event "Titled Tuesday Blitz July 25 Late 2023"]
[White "Miszler, Levente"]
[Black "Schnaider, Ilan"]
[WhiteFideId "763276"]
[BlackFideId "169013"]
[WhiteElo "2407"]
[BlackElo "2760"]
[Result "1-0"]
[Round "1"]
[TimeControl "180+2"]
[Date "2023.07.25"]
[WhiteClock "0:00:09"]
[BlackClock "0:00:03"]
[Board "81"]

1. Nf3 Nf6 2. c4 g6 3. g3 Bg7 4. Bg2 O-O 5. O-O d5 6. d4 Nc6 7. Nc3 dxc4 8. e4 Bg4 9. d5 Ne5 10. Bf4 Nd3 11. Qd2 c6 12. Ne5 Nxe5 13. Bxe5 Nxe4 14. Qd4 Nxc3 15. Qxc3 f6 16. Qxc4 cxd5 17. Qxg4 fxe5 18. Qe6+ Kh8 19. Qxd5 Qd6 20. Rad1 Qf6 21. Qxb7 Rab8 22. Qxa7 Rxb2 23. a4 Ra2 24. a5 Bh6 25. Qb6 e6 26. a6 Qe7 27. Bb7 Qa3 28. Qxe6 Raxf2 29. Qxe5+ Bg7 30. Qe4 Qc5 31. Rxf2 Qxf2+ 32. Kh1 Qa2 33. Qg2 Qa4 34. Qg1 h5 35. a7 Kh7 36. a8=Q Rxa8 37. Bxa8 Qxa8+ 38. Qg2 Qa4 39. Qd5 Kh6 40. Kg2 Qc2+ 41. Qd2+ Qxd2+ 42. Rxd2 Kh7 43. Rc2 Kh6 44. Rc6 Be5 45. Kf3 Bg7 46. Ke4 Kg5 47. h3 Bb2 48. Kd5 Ba3 49. Ke6 h4 50. g4 Kf4 51. Rc3 Bb2 52. Rb3 Bc1 53. Kf6 g5 54. Kg6 Bd2 55. Kh5 Bc1 56. Rc3 Bd2 57. Rd3 Bc1 58. Rd5 Be3 59. Rxg5 Kg3 60. Re5 Bf4 61. Re4 Bd2 62. Rd4 Bf4 63. Rd3+ Kg2 64. g5 Bg3 65. g6 Be5 66. Kh6 Bf4+ 67. Kh7 Bg3 68. g7 Kxh3 69. g8=Q Kh2 70. Qe6 Bf2 71. Qe5+ Bg3 72. Qe2+ Kh3 73. Qf1+ Kg4 74. Qg2 Kf4 75. Qf3+ Kg5 76. Rd5+ Be5 77. Rxe5# 1-0


[Site "https://www.chess.com"]

[Event "Titled Tuesday Blitz July 25 Late 2023"]
[White "Mahdavi, Reza"]
[Black "Bazilius, Augustinas"]
[WhiteFideId "12595926"]
[BlackFideId "12832251"]
[WhiteElo "2760"]
[BlackElo "2406"]
[Result "1-0"]
[Round "1"]
[TimeControl "180+2"]
[Date "2023.07.25"]
[WhiteClock "0:01:19"]
[BlackClock "0:00:01"]
[Board "82"]

1. e4 c5 2. Nf3 a6 3. c3 e6 4. d4 d5 5. exd5 exd5 6. dxc5 Bxc5 7. Be2 Nf6 8. O-O O-O 9. Bg5 Nbd7 10. Nbd2 h6 11. Bh4 g5 12. Bg3 Ne4 13. Nxe4 dxe4 14. Nd4 Qb6 15. Nf5 Qg6 16. Qd5 Nb6 17. Nxh6+ Qxh6 18. Qxc5 Nd7 19. Qe3 f5 20. Bc4+ Kg7 21. Rad1 f4 22. Rxd7+ Bxd7 23. Qd4+ Qf6 24. Qxd7+ Kg6 25. Bd5 fxg3 26. Bxe4+ Kh5 27. Qh3# 1-0


[Site "https://www.chess.com"]

[Event "Titled Tuesday Blitz July 25 Late 2023"]
[White "Vega Gutierrez, Sabrina"]
[Black "Skvortsov, Andrei"]
[WhiteFideId "2219026"]
[BlackFideId "24108600"]
[WhiteElo "2406"]
[BlackElo "2756"]
[Result "0-1"]
[Round "1"]
[TimeControl "180+2"]
[Date "2023.07.25"]
[WhiteClock "0:00:14"]
[BlackClock "0:00:57"]
[Board "83"]

1. e4 d5 2. exd5 Qxd5 3. Nf3 Bg4 4. d4 Nc6 5. Be2 O-O-O 6. c4 Qd7 7. d5 Bxf3 8. gxf3 Qf5 9. Be3 e6 10. Nc3 Nf6 11. Bd3 Qe5 12. dxc6 Bc5 13. Qe2 Bxe3 14. fxe3 bxc6 15. O-O-O Nd7 16. Be4 Kb7 17. Na4 Qa5 18. Qc2 Nb6 19. Nxb6 axb6 20. Kb1 f5 21. Bd3 Ra8 22. Qb3 Qc5 23. Bc2 Rhd8 24. Qc3 g6 25. e4 fxe4 26. Bxe4 Rd6 27. Rxd6 cxd6 28. Qg7+ Ka6 29. Rc1 Ra7 30. a3 Rxg7 0-1


[Site "https://www.chess.com"]

[Event "Titled Tuesday Blitz July 25 Late 2023"]
[White "Al Mukhaini, Shima"]
[Black "Khripachenko, Alexander"]
[WhiteFideId "22005854"]
[BlackFideId "54184975"]
[WhiteElo "2398"]
[BlackElo "2752"]
[Result "1-0"]
[Round "1"]
[TimeControl "180+2"]
[Date "2023.07.25"]
[WhiteClock "0:01:43"]
[BlackClock "0:01:26"]
[Board "85"]

1. d4 d5 2. c4 e6 3. Nc3 Be7 4. Nf3 Nf6 5. Bg5 h6 6. Bh4 O-O 7. e3 Ne4 8. Bxe7 Qxe7 9. Nxe4 dxe4 10. Nd2 e5 11. d5 f5 12. Qc2 a5 13. O-O-O Na6 14. Kb1 Bd7 15. f3 exf3 16. gxf3 Nc5 17. Rg1 f4 18. e4 Qh4 19. Nb3 Ba4 20. Rg2 Bxb3 21. axb3 Qf6 22. Qc3 Rfe8 23. Bd3 Qb6 24. Bc2 Qb4 25. Rdg1 Re7 26. Rg6 Rf8 27. Rxh6 b6 28. Rhg6 Qxc3 29. bxc3 Kf7 30. Rxg7+ Ke8 31. Rxe7+ Kxe7 32. Rg7+ Kd6 33. b4 Na6 34. c5+ bxc5 35. Rg6+ 1-0


[Site "https://www.chess.com"]

[Event "Titled Tuesday Blitz July 25 Late 2023"]
[White "Remizov, Yaroslav"]
[Black "Davidson, Kevin"]
[WhiteFideId "34134015"]
[BlackFideId "2056810"]
[WhiteElo "2748"]
[BlackElo "2392"]
[Result "1-0"]
[Round "1"]
[TimeControl "180+2"]
[Date "2023.07.25"]
[WhiteClock "0:00:30"]
[BlackClock "0:00:00"]
[Board "86"]

1. e4 c5 2. c3 d5 3. exd5 Qxd5 4. d4 Nc6 5. Nf3 Bg4 6. Be2 cxd4 7. cxd4 e6 8. Nc3 Bb4 9. O-O Qa5 10. d5 Rd8 11. Bd2 exd5 12. a3 Be7 13. Nb5 Qb6 14. Be3 d4 15. Nfxd4 Nxd4 16. Nxd4 Bxe2 17. Qxe2 Qa6 18. Nb5 Kf8 19. Rfe1 Rd5 20. Rac1 f6 21. Rc5 Rd7 22. Qc4 1-0


[Site "https://www.chess.com"]

[Event "Titled Tuesday Blitz July 25 Late 2023"]
[White "dodoucb"]
[Black "Matinian, Nikita"]
[BlackFideId "24129100"]
[WhiteElo "2392"]
[BlackElo "2747"]
[Result "0-1"]
[Round "1"]
[TimeControl "180+2"]
[Date "2023.07.25"]
[WhiteClock "0:01:39"]
[BlackClock "0:02:03"]
[Board "87"]

1. d4 Nf6 2. c4 g6 3. Nf3 Bg7 4. Nc3 d6 5. e4 O-O 6. Be2 e5 7. O-O Na6 8. Be3 Qe7 9. d5 Nc5 10. Nd2 a5 11. b3 Ne8 12. a3 f5 13. f3 b6 14. b4 Nb7 15. Nb3 f4 16. Bf2 g5 17. c5 axb4 18. axb4 Rxa1 19. Qxa1 bxc5 20. bxc5 Nf6 21. Qa7 g4 22. Nb5 g3 23. hxg3 fxg3 24. Bxg3 Nh5 25. Bh2 Bh6 26. c6 Nc5 27. g3 Be3+ 28. Kg2 Qg5 0-1


[Site "https://www.chess.com"]

[Event "Titled Tuesday Blitz July 25 Late 2023"]
[White "Tristan, Leonardo"]
[Black "Herman, Daniel"]
[WhiteFideId "113816"]
[BlackFideId "30935008"]
[WhiteElo "2744"]
[BlackElo "2391"]
[Result "1-0"]
[Round "1"]
[TimeControl "180+2"]
[Date "2023.07.25"]
[WhiteClock "0:00:35"]
[BlackClock "0:00:03"]
[Board "88"]

1. d4 Nf6 2. Nf3 g6 3. Bf4 Bg7 4. e3 O-O 5. Be2 d6 6. O-O b6 7. h3 Bb7 8. Bh2 c5 9. c3 Nbd7 10. Nbd2 Qc7 11. a4 a6 12. Bd3 e5 13. dxe5 dxe5 14. Qc2 Rfe8 15. Ne4 Qc6 16. Nxf6+ Bxf6 17. Be2 Bg7 18. Rfd1 b5 19. axb5 axb5 20. Rxa8 Bxa8 21. Qd3 e4 22. Qxd7 Qxd7 23. Rxd7 exf3 24. gxf3 b4 25. Bc4 Rf8 26. Bd6 Rc8 27. Rxf7 Kh8 28. cxb4 cxb4 29. b3 Bc3 30. f4 Bf3 31. Be5+ Bxe5 32. fxe5 Re8 33. Rxf3 1-0


[Site "https://www.chess.com"]

[Event "Titled Tuesday Blitz July 25 Late 2023"]
[White "Fernandez Diaz, Cristian"]
[Black "Tanenbaum, Zachary"]
[WhiteFideId "22256687"]
[BlackFideId "2060850"]
[WhiteElo "2386"]
[BlackElo "2740"]
[Result "0-1"]
[Round "1"]
[TimeControl "180+2"]
[Date "2023.07.25"]
[WhiteClock "0:00:45"]
[BlackClock "0:00:33"]
[Board "89"]

1. d4 d5 2. c4 dxc4 3. Nf3 Nf6 4. e3 Bg4 5. Bxc4 e6 6. O-O Nc6 7. Nc3 Bd6 8. h3 Bh5 9. Qe2 O-O 10. Rd1 Qe7 11. Bb3 e5 12. dxe5 Nxe5 13. Nd5 Nxd5 14. Bxd5 c6 15. Be4 f5 16. Bc2 Nxf3+ 17. gxf3 Qh4 18. Kg2 Qg5+ 19. Kf1 Bh2 20. Qc4+ Kh8 21. e4 Qg1+ 22. Ke2 Qg2 23. Qb3 fxe4 24. Bxe4 Rae8 25. Qe3 Rxe4 26. Qxe4 Bxf3+ 27. Qxf3 Qxf3+ 28. Kd2 Rd8+ 0-1


[Site "https://www.chess.com"]

[Event "Titled Tuesday Blitz July 25 Late 2023"]
[White "Leon Oquendo, Jorge"]
[Black "Dwilewicz, Katarzyna"]
[WhiteFideId "3514803"]
[BlackFideId "1148486"]
[WhiteElo "2731"]
[BlackElo "2384"]
[Result "0-1"]
[Round "1"]
[TimeControl "180+2"]
[Date "2023.07.25"]
[WhiteClock "0:00:15"]
[BlackClock "0:00:23"]
[Board "90"]

1. d4 d5 2. c4 dxc4 3. e3 Nf6 4. Bxc4 e6 5. Nf3 c5 6. O-O a6 7. Nc3 Nc6 8. Qe2 b5 9. Bb3 Bb7 10. Rd1 Qc7 11. d5 exd5 12. Nxd5 Nxd5 13. Bxd5 Be7 14. e4 O-O 15. e5 Rad8 16. Bf4 Nd4 17. Nxd4 Bxd5 18. Nf5 Be6 19. Nd6 Qc6 20. a4 c4 21. axb5 axb5 22. Ra7 Bxd6 23. exd6 Rfe8 24. Qd2 Bg4 25. f3 Bf5 26. Rc7 Qb6+ 27. Qd4 Qa5 28. Kf2 h6 29. h4 Bd3 30. Kg3 Qxc7 31. Be5 Qd7 32. Kf2 Qf5 33. Bxg7 Re2+ 34. Kg1 Qg6 35. Bf6 Qxg2# 0-1


[Site "https://www.chess.com"]

[Event "Titled Tuesday Blitz July 25 Late 2023"]
[White "EsmeraldasAnderson03"]
[Black "Makridis, Dimitrios"]
[BlackFideId "25864475"]
[WhiteElo "2382"]
[BlackElo "2731"]
[Result "0-1"]
[Round "1"]
[TimeControl "180+2"]
[Date "2023.07.25"]
[WhiteClock "0:00:11"]
[BlackClock "0:00:34"]
[Board "91"]

1. d4 Nf6 2. Nf3 d6 3. h3 g6 4. Bf4 Bg7 5. Bh2 O-O 6. e3 Nbd7 7. Be2 c5 8. O-O b6 9. a4 Bb7 10. c3 Qc7 11. Nbd2 a6 12. Qb3 e6 13. Nc4 Ne4 14. Rfd1 Bd5 15. Qa3 Qc6 16. dxc5 dxc5 17. Nce5 Nxe5 18. Nxe5 Qb7 19. c4 Bc6 20. Bf3 Rad8 21. a5 Bxe5 22. Bxe5 f6 23. Bh2 Nd2 24. Bxc6 Qxc6 25. axb6 Qxb6 26. Qxa6 Qxa6 27. Rxa6 Nf3+ 28. gxf3 Rxd1+ 29. Kg2 e5 30. f4 e4 31. f5 gxf5 32. Bd6 Rc8 33. Be7 Kf7 34. Bxf6 Rg8+ 35. Kh2 Rdg1 36. h4 R8g2+ 37. Kh3 Rg6 38. Ra7+ Kxf6 39. Rxh7 Rh1# 0-1


[Site "https://www.chess.com"]

[Event "Titled Tuesday Blitz July 25 Late 2023"]
[White "Panesar Vedant"]
[Black "Storn, Justin"]
[WhiteFideId "35033018"]
[BlackFideId "30922720"]
[WhiteElo "2714"]
[BlackElo "2382"]
[Result "1-0"]
[Round "1"]
[TimeControl "180+2"]
[Date "2023.07.25"]
[WhiteClock "0:02:39"]
[BlackClock "0:01:41"]
[Board "92"]

1. d4 Nf6 2. c4 g6 3. Nc3 Bg7 4. e4 d6 5. Be2 O-O 6. Be3 e5 7. d5 a5 8. h4 h5 9. Qc2 Na6 10. f3 Nc5 11. O-O-O a4 12. Nh3 Bd7 13. Ng5 c6 14. dxc6 Bxc6 15. Bxc5 1-0


[Site "https://www.chess.com"]

[Event "Titled Tuesday Blitz July 25 Late 2023"]
[White "Haitin, Ilja"]
[Black "Korchmar, Vasiliy"]
[WhiteFideId "4501764"]
[BlackFideId "24131750"]
[WhiteElo "2379"]
[BlackElo "2712"]
[Result "0-1"]
[Round "1"]
[TimeControl "180+2"]
[Date "2023.07.25"]
[WhiteClock "0:00:07"]
[BlackClock "0:00:11"]
[Board "93"]

1. Nf3 d5 2. e3 Nf6 3. b3 Bg4 4. h3 Bh5 5. Bb2 e6 6. g4 Bg6 7. d3 h6 8. Nbd2 c5 9. Bg2 Nc6 10. Qe2 Be7 11. O-O-O a5 12. a4 b5 13. axb5 Nb4 14. Ne5 Bh7 15. e4 a4 16. bxa4 Qa5 17. Nb3 Qxa4 18. exd5 Nfxd5 19. Nc6 Na2+ 20. Kd2 Bg5+ 21. Ke1 Ndc3 22. Qe5 Bf6 23. Qc7 O-O 24. Ra1 Bxd3 25. Ne7+ Bxe7 26. Qxe7 Bxc2 27. Bxc3 Qxb3 28. Bxa8 Qxc3+ 29. Ke2 Bd3+ 30. Kf3 Bf1+ 31. Kf4 g5+ 32. Ke4 Bg2+ 33. f3 Bxf3# 0-1


[Site "https://www.chess.com"]

[Event "Titled Tuesday Blitz July 25 Late 2023"]
[White "Dimitrov, Atanas"]
[Black "Lalanne, Pablo"]
[WhiteFideId "2901315"]
[BlackFideId "112151"]
[WhiteElo "2711"]
[BlackElo "2377"]
[Result "0-1"]
[Round "1"]
[TimeControl "180+2"]
[Date "2023.07.25"]
[WhiteClock "0:00:00"]
[BlackClock "0:00:12"]
[Board "94"]

1. Nf3 c5 2. e4 d6 3. d4 cxd4 4. Nxd4 Nf6 5. Nc3 Nc6 6. Nde2 e6 7. g3 Be7 8. Bg2 O-O 9. O-O a6 10. a4 Qc7 11. h3 Rb8 12. Be3 b5 13. axb5 axb5 14. Nd4 Nxd4 15. Bxd4 b4 16. Ne2 e5 17. Be3 Be6 18. Qd2 Rfc8 19. Rfc1 Qd7 20. Kh2 d5 21. exd5 Bxd5 22. Rd1 Rd8 23. Qe1 Qc6 24. Qh1 Bxg2 25. Qxg2 Qxc2 26. Rxd8+ Rxd8 27. Qf1 Qxb2 28. Rb1 Qc2 29. Rc1 Qe4 30. Bg5 h6 31. Bxf6 Bxf6 32. Ng1 b3 33. Rb1 Rb8 34. Ne2 Qd3 35. Rd1 Qc4 36. Rc1 Qb5 37. Qe1 b2 38. Rb1 Qb3 39. Nc3 Qc2 40. Ne4 Be7 41. Kg2 f5 42. Nd2 Bb4 43. Qxe5 Bxd2 0-1


[Site "https://www.chess.com"]

[Event "Titled Tuesday Blitz July 25 Late 2023"]
[White "Campos, Maria Jose"]
[Black "Koellner, Ruben Gideon"]
[WhiteFideId "146803"]
[BlackFideId "12993093"]
[WhiteElo "2375"]
[BlackElo "2711"]
[Result "0-1"]
[Round "1"]
[TimeControl "180+2"]
[Date "2023.07.25"]
[WhiteClock "0:02:35"]
[BlackClock "0:02:38"]
[Board "95"]

1. c4 d6 2. g3 Nf6 3. Bg2 e5 4. Nc3 Be7 5. d3 O-O 6. e4 c5 7. Nge2 Nc6 8. O-O Nd4 9. h3 Be6 10. Kh2 h6 11. Be3 a6 12. a4 Qb6 13. Rb1 Qb3 14. f4 Qxd1 15. Rfxd1 Rfb8 16. f5 Bd7 17. g4 b5 18. axb5 axb5 19. Bxd4 cxd4 20. Nd5 Nxd5 21. cxd5 Bg5 22. Kg3 Rc8 23. h4 Be3 24. Kf3 Rc2 25. g5 hxg5 26. hxg5 Bxg5 27. Bh3 f6 28. Rg1 Be8 29. Bg4 Ra2 30. Nc1 Raxb2 31. Nb3 Rf2+ 32. Kg3 Bf4+ 33. Kh4 Rh2+ 34. Bh3 Rxh3+ 35. Kxh3 Rh2+ 36. Kg4 Bh5# 0-1


[Site "https://www.chess.com"]

[Event "Titled Tuesday Blitz July 25 Late 2023"]
[White "Yanchenko, Roman"]
[Black "Rian, Kapriaga"]
[WhiteFideId "4137329"]
[BlackFideId "7103263"]
[WhiteElo "2711"]
[BlackElo "2371"]
[Result "1-0"]
[Round "1"]
[TimeControl "180+2"]
[Date "2023.07.25"]
[WhiteClock "0:01:21"]
[BlackClock "0:00:12"]
[Board "96"]

1. d4 Nf6 2. c4 e6 3. Nf3 d5 4. Nc3 Be7 5. Bf4 O-O 6. e3 a6 7. Qc2 dxc4 8. Bxc4 c5 9. dxc5 Bxc5 10. Rd1 Qe7 11. a4 Nc6 12. O-O e5 13. Bg5 Be6 14. Bxe6 Qxe6 15. Bxf6 gxf6 16. Nh4 Rac8 17. Nd5 Ba7 18. Qe4 Rfd8 19. Nf5 Kh8 20. b4 Rg8 21. b5 axb5 22. axb5 Rg5 23. bxc6 bxc6 24. Nde7 Re8 25. h4 Rh5 26. Qg4 Rxf5 27. Nxf5 Rg8 28. Qxg8+ Kxg8 29. Rd8+ Qe8 30. Rxe8# 1-0


[Site "https://www.chess.com"]

[Event "Titled Tuesday Blitz July 25 Late 2023"]
[White "Gerbelli Neto, Eduardo"]
[Black "Alex_Sahakyan2006"]
[WhiteFideId "2103281"]
[WhiteElo "2371"]
[BlackElo "2710"]
[Result "0-1"]
[Round "1"]
[TimeControl "180+2"]
[Date "2023.07.25"]
[WhiteClock "0:00:52"]
[BlackClock "0:01:18"]
[Board "97"]

1. e4 e6 2. d4 Nf6 3. Nc3 Bb4 4. Bd3 d5 5. e5 Ne4 6. Ne2 c5 7. a3 Bxc3+ 8. bxc3 Nc6 9. f3 c4 10. Bxe4 dxe4 11. fxe4 Qh4+ 12. Ng3 b5 13. O-O Bb7 14. a4 b4 15. cxb4 O-O-O 16. c3 Nxe5 17. Qe1 Nd3 18. Qe2 f6 19. b5 h5 20. a5 Qg4 21. Qf3 Qxf3 22. gxf3 h4 23. Ne2 f5 24. a6 Ba8 25. e5 g5 26. Rb1 Kc7 27. Ba3 g4 28. f4 g3 29. h3 g2 30. Rfd1 Bf3 31. Rd2 Rdg8 32. b6+ axb6 33. Bd6+ Kc6 34. a7 Bxe2 35. Rxe2 Nxf4 36. Reb2 Nxh3+ 37. Kh2 g1=Q+ 38. Rxg1 Nxg1 39. Bb8 Nf3+ 40. Kh1 Rg1# 0-1


[Site "https://www.chess.com"]